 Dungeon Sprint DCSS version 0.27.1-33-g824d729ab1 (webtiles) character file.

Game seed: 7908078716634697156

3754 Hipnos the Imperceptible (level 9, -7/43 HPs)
             Began as a Spriggan Enchanter on Nov 29, 2021.
             Was an Elder of Okawaru.
             Killed from afar by a gargoyle (15 damage)
             ... with a stone arrow
             ... in the Dungeon (Sprint I: "Red Sonja").
             The game lasted 00:07:36 (1465 turns).

Hipnos the Imperceptible (Spriggan Enchanter)       Turns: 1465, Time: 00:07:37

Health: -7/43      AC:  4    Str:  4    XL:     9   Next: 93%
Magic:  23/23      EV: 23    Int: 16    God:    Okawaru [****..]
Gold:   786        SH:  0    Dex: 19    Spells: 15/27 levels left

rFire    . . .     SeeInvis +   a - +1 dagger
rCold    . . .     Faith    .   (shield restricted)
rNeg     . . .     Spirit   .   k - +2 robe {Will+}
rPois    .         Reflect  .   (helmet restricted)
rElec    +         Harm     .   (no cloak)
rCorr    .         Rampage  .   (gloves unavailable)
Will     ++...     NoTele   +   (boots unavailable)
Stlth    +++.......             i - amulet of Orthodoxy {rElec Regen+}
HPRegen  1.14/turn              (no ring)
MPRegen  0.18/turn              (no ring)

@: confused, hasted, very quick
A: very small, no large weapons, unfitting armour, see invisible, speed 3
a: Renounce Religion, Heroism


You were in the Dungeon.
You worshipped Okawaru.
Okawaru was greatly pleased with you.
You visited 1 branch You collected 978 gold pieces.
You spent 192 gold pieces at shops.

Inventory:

Hand Weapons
 a - a +1 dagger (weapon)
 m - the +3 spear of Bitutawu {spect, rC+ rN+ Dex+4}
   (You found it in the Dungeon)

   When its wielder attacks, the weapon's spirit leaps out and strikes again.
   The spirit shares a part of any damage it takes with its wielder.
   Dex:       It affects your dexterity (+4).
   rC:        It protects you from cold.
   rN:        It protects you from negative energy.
Armour
 b - a +0 robe
 k - a +2 robe of willpower (worn)
 l - a +0 robe of positive energy
Jewellery
 i - the amulet of Orthodoxy (around neck) {rElec Regen+}
   (You found it in the Dungeon)

   [amulet of regeneration]

   rElec:     It insulates you from electricity.
   Regen:     It increases your rate of health regeneration.
Wands
 j - a wand of flame (19)
Scrolls
 g - a scroll of fog {unknown}
 h - a scroll of blinking
 n - a scroll of identify {unknown}
 o - a scroll of fear {unknown}
 p - a scroll of amnesia {unknown}
Potions
 c - 2 potions of curing
 f - a potion of magic


   Skills:
 + Level 2.5 Fighting
 * Level 9.2 Short Blades
 + Level 8.0 Dodging
 * Level 21.8 Stealth
 + Level 9.9 Spellcasting
 + Level 1.4 Conjurations
 + Level 12.2 Hexes
 + Level 2.9 Ice Magic


You had 15 spell levels left.
You knew the following spells:

 Your Spells              Type           Power      Damage    Failure   Level
a - Corona                Hex            52%        N/A       1%          1
b - Ensorcelled Hibernat  Hex/Ice        64%        N/A       1%          2
c - Confusing Touch       Hex            47%        N/A       1%          3
d - Tukima's Dance        Hex            47%        N/A       1%          3
e - Dazzling Flash        Conj/Hex       58%        N/A       1%          3

Your spell library contained the following spells:

 Spells                   Type           Power      Damage    Failure   Level


Dungeon Overview and Level Annotations

Branches:
Dungeon (1/1)

Altars:
Cheibriados
Dithmenos
Elyvilon
Fedhas
Gozag
Hepliaklqana
Kikubaaqudgha
Makhleb
Nemelex Xobeh
Okawaru
Qazlal
Ru
Sif Muna
Trog
Uskayaw
Vehumet
Wu Jian
Xom
Yredelemnul
Zin
The Shining One
Jiyva
Lugonu

Shops:
D [([


Innate Abilities, Weirdness & Mutations

You are very small and have problems with some larger weapons.
You are too small for most types of armour.
You have supernaturally acute eyesight. (SInv)
You cover ground extremely quickly. (Speed+++)


Message History

The stone arrow misses you.
You bump into the stone wall.
The gargoyle hits you with a +0 mace!
* * * LOW HITPOINT WARNING * * *
You feel much better.
You are engulfed in noxious fumes.
You choke on the stench!
You are more confused.
The gargoyle hits you with a +0 mace!!
You bump into the stone wall.
You are engulfed in noxious fumes.
* * * LOW HITPOINT WARNING * * *
The gargoyle completely misses you.
You feel yourself speed up.
You are engulfed in noxious fumes.
* * * LOW HITPOINT WARNING * * *
The gargoyle closely misses you.
You feel better.
You are engulfed in noxious fumes.
You choke on the stench!
You are confused.
You bump into the stone wall.
You are engulfed in noxious fumes.
The gargoyle misses you.
You are engulfed in noxious fumes.
You choke on the stench!
You are more confused.
You are engulfed in noxious fumes.
You choke on the stench!
You are more confused.
The gargoyle closely misses you.
You avoid triggering an arrow trap.
The gargoyle hits you with a +0 mace.
There is an arrow trap, spattered with blood here.
You bump into the stone wall.
There is an open door here.
You bump into the rock wall.
You avoid triggering an arrow trap.
The gargoyle hits you with a +0 mace!
* * * LOW HITPOINT WARNING * * *
There is an arrow trap, spattered with blood here.
You are engulfed in noxious fumes.
You choke on the stench!
You are more confused.
You are too confused!
You avoid triggering an arrow trap.
There is an arrow trap, spattered with blood here.
You closely miss the gargoyle. The gargoyle misses you.
You bump into the stone wall.
The gargoyle hurls a stone arrow at you.
The stone arrow hits you!
You die...

#######################
)'..#__#..'..)#)(#§§§§+
.#..'.†'..#...##'#§####
###'#__####)..'§.#§#
..#.#### #####§§§§#
.##.# ##'#### '#_.+
#.☼@..# ..._# #☼9○°°+
_.#'##+### ###.°○#
#'#.#...(### #°○○#
#.####'###(## #..##
...'.[...'.∩# #^^#
.).########## ##+#
#.### #'#.#


You could see a gargoyle.

Vanquished Creatures
  Sonja (D)
  A deep troll (D)
  A lindwurm (D)
  2 kobold demonologists (D)
  4 demonic crawlers (D)
  A slime creature (D)
  Sigmund (D)
  A yak (D)
  A floating eye (D)
  An ogre (D)
  A jelly (D)
  Ijyb (D)
  A ballistomycete spore (D)
17 creatures vanquished.

Vanquished Creatures (others)
  2 hornets (D)
  A ballistomycete spore (D)
3 creatures vanquished.

Grand Total: 20 creatures vanquished

Notes
Turn   | Place    | Note
-------+----------+-------------------------------------------
     0 | D        | Hipnos the Spriggan Enchanter began the quest for the Orb.
     0 | D        | Reached XP level 1. HP: 9/9 MP: 5/5
     1 | D        | Noticed Ijyb
    11 | D        | Killed Ijyb
    12 | D        | Reached skill level 7 in Stealth
    12 | D        | Reached skill level 5 in Hexes
    12 | D        | Reached XP level 2. HP: 13/13 MP: 5/7
    97 | D        | Learned a level 2 spell: Ensorcelled Hibernation
    97 | D        | Noticed an ogre
   116 | D        | Killed an ogre
   117 | D        | Reached skill level 10 in Stealth
   117 | D        | Reached XP level 3. HP: 16/16 MP: 7/10
   117 | D        | Reached XP level 4. HP: 21/21 MP: 7/11
   163 | D        | Noticed Sigmund
   167 | D        | Killed Sigmund
   168 | D        | Reached skill level 1 in Fighting
   168 | D        | Reached skill level 5 in Dodging
   168 | D        | Reached skill level 12 in Stealth
   168 | D        | Reached skill level 1 in Ice Magic
   168 | D        | Reached XP level 5. HP: 25/25 MP: 9/14
   168 | D        | Reached XP level 6. HP: 30/30 MP: 10/16
   172 | D        | Learned a level 3 spell: Confusing Touch
   176 | D        | Learned a level 3 spell: Tukima's Dance
   180 | D        | Learned a level 3 spell: Dazzling Flash
   218 | D        | Found an ornate altar of the Wu Jian Council.
   218 | D        | Found a shimmering blue altar of Sif Muna.
   220 | D        | Found a radiant altar of Vehumet.
   227 | D        | Reached skill level 13 in Stealth
   234 | D        | Found Cirah's Antique Weapon Emporium.
   234 | D        | Found an ancient bone altar of Kikubaaqudgha.
   234 | D        | Found a hazy altar of Hepliaklqana.
   234 | D        | Found a stormy altar of Qazlal.
   234 | D        | Found a hide-covered altar of Uskayaw.
   234 | D        | Found a blossoming altar of Fedhas.
   234 | D        | Found a bloodstained altar of Trog.
   234 | D        | Found an iron altar of Okawaru.
   234 | D        | Found a basalt altar of Yredelemnul.
   234 | D        | Found a glowing golden altar of the Shining One.
   234 | D        | Found a snail-covered altar of Cheibriados.
   234 | D        | Found a sacrificial altar of Ru.
   234 | D        | Found a glowing silver altar of Zin.
   234 | D        | Found a shadowy altar of Dithmenos.
   234 | D        | Found a white marble altar of Elyvilon.
   234 | D        | Noticed a yak
   235 | D        | Found an opulent altar of Gozag.
   236 | D        | Killed a yak
   237 | D        | Reached skill level 5 in Short Blades
   237 | D        | Reached skill level 14 in Stealth
   237 | D        | Found a sparkling altar of Nemelex Xobeh.
   242 | D        | Became a worshipper of Warmaster Okawaru
   279 | D        | Identified the amulet of Orthodoxy {rElec Regen+}
   295 | D        | Found a burning altar of Makhleb.
   295 | D        | Found a viscous altar of Jiyva.
   295 | D        | Found a shimmering altar of Xom.
   295 | D        | Found a corrupted altar of Lugonu.
   295 | D        | Noticed a slime creature
   298 | D        | Killed a slime creature
   299 | D        | Reached skill level 15 in Stealth
   299 | D        | Reached XP level 7. HP: 33/33 MP: 16/18
   314 | D        | Noticed a kobold demonologist
   315 | D        | Noticed a kobold demonologist
   317 | D        | Reached * piety under Okawaru
   318 | D        | Reached skill level 16 in Stealth
   318 | D        | Reached skill level 10 in Hexes
   319 | D        | Killed a kobold demonologist
   319 | D        | Reached ** piety under Okawaru
   320 | D        | Reached skill level 17 in Stealth
   320 | D        | Killed a kobold demonologist
   321 | D        | Reached XP level 8. HP: 39/39 MP: 19/21
   332 | D        | Noticed a demonic crawler
   332 | D        | Noticed a demonic crawler
   332 | D        | Noticed a demonic crawler
   332 | D        | Noticed a demonic crawler
   350 | D        | Noticed Sonja
   354 | D        | Killed Sonja
   355 | D        | Reached skill level 19 in Stealth
   371 | D        | Found Veonk's Antique Armour Boutique.
   379 | D        | Bought a glowing robe for 96 gold pieces
   379 | D        | Bought a runed robe for 96 gold pieces
   423 | D        | Identified the +3 spear of Bitutawu {spect, rC+ rN+ Dex+4}
   540 | D        | Noticed a deep troll
   544 | D        | Killed a deep troll
   544 | D        | Reached *** piety under Okawaru
   545 | D        | Reached skill level 20 in Stealth
   545 | D        | Reached XP level 9. HP: 42/42 MP: 19/23
   555 | D        | Found Pikifit's Armour Emporium.
   665 | D        | Killed a demonic crawler
  1079 | D        | Killed a demonic crawler
  1080 | D        | Reached skill level 21 in Stealth
  1200 | D        | Killed a demonic crawler
  1298 | D        | Killed a demonic crawler
  1298 | D        | Reached **** piety under Okawaru
  1299 | D        | Reached skill level 1 in Conjurations
  1421 | D        | Noticed a lindwurm
  1425 | D        | Killed a lindwurm
  1438 | D        | Noticed a gargoyle
  1465 | D        | Killed from afar by a gargoyle

Illustrated notes

Levels and vault maps discovered:
D:        dungeon_sprint_1 [red_sonja_temple_1, red_sonja_temple_small_1]

Skill      XL: |  1  2  3  4  5  6  7  8  9 |
---------------+----------------------------+-----
Dodging        | 3 4 5 6 8 |  8.0
Stealth        | 7 10 12 15 17 20 21 | 21.8
Spellcasting   | 3 4 6 7 8 9 |  9.9
Hexes          | 5 6 8 9 10 11 12 | 12.2
Short Blades   | 2 4 5 6 8 9 |  9.2
Fighting       | 1 2 |  2.5
Ice Magic      | 1 2 |  2.9
Conjurations   | 1 |  1.4

Action                   |  1- 3 |  4- 6 |  7- 9 || total
-------------------------+-------+-------+-------++-------
Melee: Dagger            |     8 |     5 |    68 ||    81
 Cast: Ensorcelled Hiber |     3 |     2 |     2 ||     7
       Dazzling Flash    |       |       |    29 ||    29
       Confusing Touch   |       |       |    11 ||    11
  Use: Potion            |     2 |       |     3 ||     5
 Stab: Sleeping          |     1 |     4 |     7 ||    12
       Invisible         |       |       |    11 ||    11
       Confused          |       |       |     4 ||     4
       Distracted        |       |       |     1 ||     1
Armor: Robe              |     1 |       |    15 ||    16
Dodge: Dodged            |     4 |     3 |   186 ||   193
